 Dungeon Crawl Stone Soup version 0.30-a0-250-g41c1d76940 (webtiles) character file.

Game seed: 11299749611068088762

109 brknglss the Firebug (level 4, 0/25 (27) HPs)
             Began as an Octopode Fire Elementalist on Oct 12, 2022.
             Slain by an orc
             ... wielding a +0 short sword
              (2 damage)
             ... on level 3 of the Dungeon.
             The game lasted 00:07:02 (3265 turns).

brknglss the Firebug (Octopode Fire Elementalist)   Turns: 3265, Time: 00:07:03

HP:   0/25 (27)     AC:  1    Str:  7    XL:     4   Next: 89%
MP:   1/7           EV: 13    Int: 19    God:
Gold: 126           SH:  0    Dex: 12    Spells: 5/8 levels left

rFire   . . .      SeeInvis .    g - +0 dagger
rCold   . . .      Faith    .    (no shield)
rNeg    . . .      Spirit   .    (helmet restricted)
rPois   +          Reflect  .    (no amulet)
rElec   .          Harm     .    l - ring of poison resistance
rCorr   .          Rampage  .    (no ring)
Will    .....                    (no ring)
Stlth   +++.......               (no ring)
HPRegen 0.24/turn                (no ring)
MPRegen 0.10/turn                (no ring)
                                 (no ring)
                                 (no ring)

@: drained
A: almost no armour, amphibious, 8 rings, camouflage 1, gelatinous body 1,
(nimble swimmer 1), tentacles
a: no special abilities


You were on level 3 of the Dungeon.
You visited 1 branch of the dungeon, and saw 3 of its levels.

You collected 126 gold pieces.

Inventory:

Hand Weapons
 g - a +0 dagger (weapon)
Missiles
 m - 5 atropa-tipped darts
Jewellery
 l - a ring of poison resistance (left tentacle)
Scrolls
 e - a scroll of brand weapon {unknown}
 f - a scroll of teleportation {unknown}
 h - a scroll of poison {unknown}
 i - a scroll of vulnerability {unknown}
 j - a scroll of fear {unknown}
 k - a scroll of enchant weapon {unknown}
Potions
 a - a potion of magic
 b - a potion of berserk rage {unknown}
 c - 2 potions of heal wounds {unknown}
 d - 2 potions of attraction {unknown}
 n - a potion of mutation {unknown}


   Skills:
 + Level 2.8 Dodging
 - Level 2.6 Stealth
 + Level 2.6 Spellcasting
 + Level 2.1 Conjurations
 * Level 4.1 Fire Magic


You had 5 spell levels left.
You knew the following spells:

 Your Spells              Type           Power      Damage    Failure   Level
a - Foxfire               Conj/Fire      56%        2x1d6     4%          1
b - Scorch                Fire           36%        2d6       4%          2

Your spell library contained the following spells:

 Spells                   Type           Power      Damage    Failure   Level
 Necrotise                Necr           8%         1d4       16%         1
 Inner Flame              Hex/Fire       10%        N/A       21%         3
 Kindle Blastsparks       Fire/Tloc/Air  14%        2d11      26%         3
 Flame Wave               Conj/Fire      14%        2d6       41%         4
 Vampiric Draining        Necr           2%         2d6       43%         3
 Agony                    Necr           2%         N/A       99%         5


Dungeon Overview and Level Annotations

Branches:
Dungeon (3/15)

Altars:
Hepliaklqana

Shops:
D:1 !:?*!


Innate Abilities, Weirdness & Mutations

You cannot wear most types of armour.
You are amphibious.
You can wear up to eight rings at the same time.
Your skin changes colour to match your surroundings (Stealth+).
Your rubbery body absorbs attacks. (AC +1, EV +1)
((You are camouflaged when in or above water. (Stealth+)))
You have tentacles for arms and can constrict up to eight enemies at once.


Message History

An orc priest comes into view. It is wielding a +0 mace.
The orc misses you.
Casting: Foxfire (safe; 4% risk of failure)
Confirm with . or Enter, or press ? or * to list all spells.
You don't have enough magic to cast this spell.
Casting: Foxfire (safe; 4% risk of failure)
Confirm with . or Enter, or press ? or * to list all spells.
You don't have enough magic to cast this spell.
Your foxfire dissipates!
The foxfire hits the orc.
The orc is heavily wounded.
The orc hits you with a +0 short sword. The orc attacks as you move away!
The orc barely misses you. The orc attacks as you move away!
The orc hits you with a +1 flail of draining.
You feel drained. The orc attacks as you move away!
The orc hits you with a +1 flail of draining!
* * * LOW HITPOINT WARNING * * *
You feel drained.
* * * LOW HITPOINT WARNING * * *
The orc attacks as you move away!
The orc hits you with a +1 flail of draining.
* * * LOW HITPOINT WARNING * * *
You feel drained.
* * * LOW HITPOINT WARNING * * *
The orc attacks as you move away! The orc closely misses you.
You hear the brisk rusting of a distant drain.
Casting: Foxfire (safe; 4% risk of failure)
Confirm with . or Enter, or press ? or * to list all spells.
Flames lash the orc.
You kill the orc!
The orc attacks as you move away! The orc barely misses you.
The orc attacks as you move away! The orc hits you with a +0 short sword.
* * * LOW HITPOINT WARNING * * *
The orc attacks as you move away! The orc barely misses you.
The orc attacks as you move away! The orc completely misses you.
There is a stone staircase leading down here.
The orc hits you with a +0 short sword.
You die...

....###.########
#.......####.
................
#.####..####. .
....####.######
..........##. . ## #.#
#.####..#.##. .# #.#
#.......#.##. .## #.#
#............ ..# #.#
#########.###
..########.########
####.###
...o............@.######
#.......
...####.##...####o..[..#
#.###...
......#.##...####......#
# #....
)........o...#.........#
# #....
).....#.##...#.##...รท..#
#.##....
...####.##..)#.##......#
#.......
..................######
####.###
.o########.#.#.#### #.#
..# #.#.#.##### #.#


You could see an orc.

Vanquished Creatures
  5 adders
  2 worms
  A dart slug (D:1)
  8 orcs
  8 bats
  5 endoplasms
  2 giant cockroaches (D:1)
  A hobgoblin (D:3)
  2 jackals (D:2)
  8 kobolds
  2 ball pythons
  4 frilled lizards
  4 rats
52 creatures vanquished.

Vanquished Creatures (others)
  135 foxfires
135 creatures vanquished.

Grand Total: 187 creatures vanquished

Notes
Turn   | Place    | Note
-------+----------+-------------------------------------------
     0 | D:1      | brknglss the Octopode Fire Elementalist began the quest for
                  | the Orb.
     0 | D:1      | Reached XP level 1. HP: 11/11 MP: 3/3
    37 | D:1      | Found Bipriyn's Distillery.
   288 | D:1      | Found Syiham's Distillery.
   292 | D:1      | Found Ucluwa's Magic Scroll Shop.
   313 | D:1      | Found Gemown's General Store.
   493 | D:1      | Reached XP level 2. HP: 17/17 MP: 1/5
   671 | D:1      | Found Xotisch's Book Shoppe.
   718 | D:1      | Found a faded altar of an unknown god.
  1268 | D:2      | Reached XP level 3. HP: 21/21 MP: 2/6
  1750 | D:2      | Reached XP level 4. HP: 27/27 MP: 1/7
  2245 | D:2      | Learned a level 2 spell: Scorch
  2436 | D:2      | Found a hazy altar of Hepliaklqana.
  3035 | D:3      | Reached skill level 4 in Fire Magic
  3261 | D:3      | HP: 1/25 [orc/+0 short sword (4)]
  3265 | D:3      | Slain by an orc

Illustrated notes

Levels and vault maps discovered:
D:1:      onia_arrival_mini_spirals, layout_basic,
          hellmonk_ecumenical_altar_arch_garden, serial_shops,
          nicolae_shop_hallway_stairs, nicolae_shop_crystal, shop, shop,
          shop_fountains, hangedman_decor_lopped
D:2:      layout_basic, basic_altar, patterned_corridor
D:3:      layout_loops_cross, gup_sewer_entry_spiral, uniq_natasha

Skill      XL: |  1  2  3  4 |
---------------+-------------+-----
Conjurations   | 2 |  2.1
Fire Magic     | 4 |  4.1
Dodging        | |  2.8
Stealth        | |  2.6
Spellcasting   | |  2.6

Action                   |  1- 3 |  4- 6 || total
-------------------------+-------+-------++-------
Melee: Constrict         |     5 |     3 ||     8
       Tentacles         |     4 |     2 ||     6
       Unarmed           |     2 |       ||     2
       Dagger            |     8 |    18 ||    26
 Cast: Foxfire           |    58 |    26 ||    84
       Scorch            |       |     4 ||     4
 Stab: Sleeping          |       |     1 ||     1
Armor: Skin              |     6 |     4 ||    10
Dodge: Dodged            |    14 |    19 ||    33

Table legend: (Time is in decaauts)
 A = Elapsed time spent in this place.
 B = Non-inter-level travel time spent in this place.
 C = Inter-level travel time spent in this place.
 D = Time resting spent in this place.
 E = Time spent auto-exploring this place.
 F = Levels seen in this place.
 G = Mean time per level.
                   A        B        C        D        E       F      G
               +--------+--------+--------+--------+--------+-----+--------+
         Total |   3263 |   3197 |     66 |   1410 |   1126 |   3 | 1087.7 |
       Dungeon |   3263 |   3197 |     66 |   1410 |   1126 |   3 | 1087.7 |
               +--------+--------+--------+--------+--------+-----+--------+

Top non-repeatable levels by time:
     D:2: 1657 daAuts
     D:1: 1232 daAuts
     D:3: 373 daAuts
